cohdb
Replays
Latest Replays
All Replays
Popular Replays
Top Player Replays
Match Explorer
How It Works
Community
CoH3 Stats
Reddit
Sign in to upload your games and track your stats! →
Sign in with Steam
Match 41144073
Unlisted
Match 41144073
Overview
Messages
Build Orders
End
Construct Section Command Post
Infantry Section
Infantry Section
Selects Heavy Armor Battlegroup
Infantry Section
Infantry Section
Construct Field Infirmary
Construct Platoon Command Post
Humber Armored Car
ML 3-inch Mortar Team
°NOSMarkov.-
『BlackBear』
0
0
Comments
sign in to comment!
No comments posted yet!